 Dungeon Crawl Stone Soup version 0.32-a0-427-g448f42529f (webtiles) character file.

Game seed: 4890049004265796414

64461 autumnrain the Fencer (level 15, -8/110 HPs)
             Began as an Octopode Wanderer on Feb 22, 2024.
             Was a High Priest of Okawaru.
             Mangled by Agnes
             ... wielding a +0 lajatang of speed
              (18 damage)
             ... on level 14 of the Dungeon.
             The game lasted 00:34:12 (21949 turns).

autumnrain the Fencer (Octopode Wanderer)          Turns: 21949, Time: 00:34:12

Health: -8/110     AC:  1    Str: 12    XL:     15   Next: 13%
Magic:  19/20      EV: 29    Int: 20    God:    Okawaru [*****.]
Gold:   1505       SH:  5    Dex: 21    Spells: 12/18 levels left

rFire   + + .        Y - +5 great sword of Okawaru's Benevolence {vamp, rPois rC+}
rCold   + + .        (shield currently unavailable)
rNeg    + . .        Z - +0 hat "Atiunizi" {^Drain rN+ Will+ Int+2}
rPois   +            K - amulet of reflection
rElec   .            v - ring of willpower
rCorr   .            H - ring of protection from fire
SInv    .            N - +5 ring of evasion
Will    +++..        P - ring of flight
Stlth   +++++        T - ring "Makidel" {rF+ Int+2 Dex+4}
HPRegen 0.38/turn    r - ring of protection from cold
MPRegen 0.17/turn    (no ring)
                     (no ring)

%: reflection
@: maw-form, heroic, flying, hasted, very quick
A: devouring maw, almost no armour, amphibious, 8 rings, camouflage 1,
gelatinous body 1, (nimble swimmer 1), tentacles
a: Begin Untransformation, Renounce Religion, Heroism, Finesse, Duel


You were on level 14 of the Dungeon.
You worshipped Okawaru.
Okawaru was extremely pleased with you.
You were a creature with a mouth for a stomach.
You visited 3 branches of the dungeon, and saw 20 of its levels.
You also visited: Ossuary.

You collected 1505 gold pieces.

Inventory:

Hand Weapons
 a - a +2 rapier of flaming
 w - a +2 scimitar of flaming
 M - a +9 great sword of freezing
 Y - the +5 great sword of Okawaru's Benevolence (weapon) {vamp, rPois rC+}
   (Okawaru gifted it to you on level 3 of the Lair of Beasts)

   rC+:       It protects you from cold.
   rPois:     It protects you from poison
Missiles
 s - 3 javelins
 u - 21 boomerangs
 x - 10 darts of dispersal
Armour
 Z - the +0 hat "Atiunizi" (worn) {^Drain rN+ Will+ Int+2}
   (Okawaru gifted it to you on level 3 of the Lair of Beasts)

   Int+2:     It affects your intelligence (+2).
   rN+:       It protects you from negative energy.
   Will+:     It increases your willpower.
   ^Drain:    It drains your maximum health when unequipped.
Jewellery
 r - a ring of protection from cold (on tentacle)
 v - a ring of willpower (left tentacle)
 E - an amulet of regeneration
 H - a ring of protection from fire (right tentacle)
 K - an amulet of reflection (around mantle)
 N - a +5 ring of evasion (on tentacle)
 P - a ring of flight (on tentacle)
 T - the ring "Makidel" (on tentacle) {rF+ Int+2 Dex+4}
   (You found it on level 12 of the Dungeon)

   [ring of protection from fire]

   Int+2:     It affects your intelligence (+2).
   Dex+4:     It affects your dexterity (+4).
   rF+:       It protects you from fire.
Wands
 b - a wand of polymorph (7)
 g - a wand of paralysis (9)
 h - a wand of flame (3) (quivered)
 k - a wand of mindburst (3)
 y - a wand of roots (12)
 W - a wand of quicksilver (5)
Scrolls
 d - a scroll of silence
 i - 9 scrolls of teleportation {@r3}
 j - 3 scrolls of amnesia {unknown}
 l - a scroll of blinking {@r4}
 m - 7 scrolls of fog
 o - 5 scrolls of brand weapon
 q - 5 scrolls of vulnerability
 z - a scroll of poison
 A - a scroll of fear
 I - 2 scrolls of revelation
 J - 3 scrolls of identify {@r1}
 R - 2 scrolls of enchant armour
 V - 3 scrolls of enchant weapon
Potions
 c - a potion of attraction
 e - 3 potions of brilliance
 f - 5 potions of haste {@q4}
 n - 10 potions of curing {@q1}
 p - 3 potions of might {@q3}
 t - a potion of heal wounds {@q2}
 B - 3 potions of mutation
 C - 3 potions of resistance {@q5}
 D - a potion of berserk rage {unknown}
 F - 2 potions of cancellation
 G - 5 potions of enlightenment
 L - 3 potions of ambrosia {unknown}
 O - 2 potions of lignification
 S - 3 potions of magic {unknown}


   Skills:
 * Level 13.1(18.1) Fighting
 - Level 16.0(21.0) Long Blades
 + Level 9.7(14.7) Dodging
 - Level 1.3(6.3) Stealth
 - Level 3.0(8.0) Shields
 - Level 2.0 Spellcasting
 - Level 3.0 Air Magic
 - Level 3.0 Alchemy
 - Level 7.0 Invocations
 + Level 4.7 Evocations
 - Level 10.0 Shapeshifting


You had 12 spell levels left.
You knew the following spells:

 Your Spells              Type           Power      Damage    Failure   Level
a - Mercury Vapours       Alch/Air       28%        N/A       7%          2
b - Vhi's Electric Charg  Tloc/Air       16%        N/A       63%         4

Your spell library contained the following spells:

 Spells                   Type           Power      Damage    Failure   Level
 Sting                    Conj/Alch      32%        1d5       9%          1
 Static Discharge         Conj/Air       16%        3-4/arc   13%         2
 Kiss of Death            Conj/Necr      8%         2d6       16%         1
 Magic Dart               Conj           8%         1d3       16%         1
 Searing Ray              Conj           4%         2d4       24%         2
 Olgreb's Toxic Radiance  Alch           14%        N/A       41%         4
 Confusing Touch          Hex            2%         N/A       43%         3
 Sigil of Binding         Hex            2%         N/A       43%         3
 Fulminant Prism          Conj/Alch      4%         3d5       63%         4
 Dimensional Bullseye     Hex/Tloc       1%         N/A       83%         4
 Dispel Undead            Necr           2%         3d7       83%         4
 Manifold Assault         Tloc           2%         N/A       83%         4
 Arcjolt                  Conj/Air       4%         1d14      93%         5
 Dispersal                Tloc           1%         N/A       100%        6
 Disjunction              Tloc           1%         N/A       100%        8
 Maxwell's Capacitive Co  Air            7%         ∞         100%        8
 Call Canine Familiar     Summ           Unusable   N/A       N/A         3

Dungeon Overview and Level Annotations

Branches:
Dungeon (14/15) Zot: 26521  Temple (1/1) D:6 Zot: 5976    Lair (5/5) D:9 Zot: 22334
 Shoals (0/4) Lair:2       Spider (0/4) Lair:2        Slime (0/5) Lair:5
    Orc (0/2) D:10        Ossuary (visited)
 Vaults: D:13-14

Altars:
Ashenzari
Cheibriados
Dithmenos
Elyvilon
Fedhas
Gozag
Hepliaklqana
Kikubaaqudgha
Makhleb
Nemelex Xobeh
Okawaru
Qazlal
Ru
Sif Muna
Trog
Uskayaw
Vehumet
Wu Jian
Xom
Yredelemnul
Zin
The Shining One
Jiyva

Shops:
D:2 (   D:9 [

Portals:
Hell: Lair:5

Annotations:
D:5 exclusion: oklob plant
D:13 3 runed translucent doors, koorschki's ghost, journeyman DsCj
D:14 exclusion: orange crystal statue, Agnes
Lair:5 exclusion: hydra


Innate Abilities, Weirdness & Mutations

You are a creature with a mouth for a stomach.
Your midsection houses a second, enormous mouth.
You cannot wear most types of armour.
You are amphibious.
You can wear up to eight rings at the same time.
Your skin changes colour to match your surroundings (Stealth+).
Your rubbery body absorbs attacks. (AC +1, EV +1)
((You are camouflaged when in or above water. (Stealth+)))
You have tentacles for arms and can constrict up to eight enemies at once.


Message History

A centaur warrior is nearby!
Agnes the Wanderer comes into view.
She is wielding a +0 lajatang of speed and wearing a +2 robe of cold resistance.
Found a whip, a scroll of identify and 3 scrolls of revelation.
Agnes shouts!
Agnes shouts, "I will kick you around like a rattan ball!"
You gain the combat prowess of a mighty hero.
Agnes barely misses you.
You miss Agnes. You grab Agnes. You squeeze Agnes. You bite Agnes.
You constrict Agnes. Agnes barely misses you.
You barely miss Agnes. You bite Agnes. You constrict Agnes.
Agnes mutters, "I could really go for a good breadfruit right now."
Agnes hits you with a +0 lajatang of speed!!
You block Agnes's attack.
You completely miss Agnes. You constrict Agnes.
Agnes hits you with a +0 lajatang of speed!!
* * * LOW HITPOINT WARNING * * *
You block Agnes's attack.
You are too injured to fight recklessly!
You are too injured to fight recklessly!
You are too injured to fight recklessly!
You slice Agnes!!
You feel better.
You bite Agnes, but do no damage. You constrict Agnes.
Agnes hits you with a +0 lajatang of speed!
* * * LOW HITPOINT WARNING * * *
Agnes completely misses you.
You barely miss Agnes. You bite Agnes! You constrict Agnes.
Agnes hits you with a +0 lajatang of speed!!!
* * * LOW HITPOINT WARNING * * *
Agnes hits you with a +0 lajatang of speed!!
* * * LOW HITPOINT WARNING * * *
You hear a shout!
Blink to where?
Press: ? - help, Dir - move target You lose your grip on something.
As you read the scroll of blinking {@r4}, it crumbles to dust.
You feel yourself speed up. Agnes attacks as she pursues you!
Agnes hits you with a +0 lajatang of speed!!
You die...
Agnes says, "May you follow the Path of Peace in your next life."

....# ####..# ######
#.....# ##.....
#.###.## ###...... #.#
#..######........ #.#
##........#....#.
......
##.##########......#.#
..... #.....#
#.....#.#. ..i.
#.###W# ##....#.#.#
.?. #.# #i#
##....#.#.#. ..
#.###.# ##....#.#.#.#
#. #.....#
#....#.#.#.#.
#.#####.###
#...#.#.#.#.#
#.....§.#
#..#.#.#.#.#.
.......#######
#...#.#.#.#.# .......
#....#.#.#.#. ...c...
## ####....#.#.#.#


You could see Agnes.

Vanquished Creatures
  Rupert (D:12)
  3 hydras
  A centaur warrior (D:14)
  A catoblepas (Lair:5)
  3 two-headed ogres
  2 boulder beetles (D:14)
  16 death yaks
  An occultist (Lair:5)
  A sun demon (Lair:5)
  A fire crab (Lair:5)
  A skyshark (Lair:2)
  4 skeletal warriors
  A harpy (D:13)
  2 deep elf pyromancers (D:13)
  2 ugly things
  4 cyclopes
  A manticore (D:12)
  Maurice (D:11)
  5 black mambas
  A black mamba (shapeshifter) (D:14)
  Maggie (D:9)
  21 cane toads
  A kobold demonologist (D:12)
  2 unseen horrors
  3 orange demons (Lair:5)
  2 ice devils (Lair:5)
  An efreet (D:13)
  5 rime drakes
  8 komodo dragons
  A red devil (Lair:5)
  A troll (shapeshifter) (D:13)
  A hellwing (Lair:5)
  A polar bear (Lair:3)
  A polar bear (shapeshifter) (D:13)
  A hornet (shapeshifter) (D:13)
  15 blink frogs
  2 culicivoras (Lair:2)
  Sigmund (D:6)
  9 slime creatures
  3 wraiths
  37 yaks
  2 jumping spiders (Lair:2)
  A shadow (D:13)
  2 vampires
  4 wyverns
  A basilisk (D:11)
  2 steam dragons
  7 vampire mosquitoes
  Menkaure (D:4)
  9 redbacks
  13 water moccasins
  Edmund (D:6)
  A naga (D:6)
  2 acid dragons
  3 hell hounds (Lair:5)
  4 black bears
  5 orc warriors
  2 sky beasts (D:7)
  6 ice beasts
  2 ogres
  9 wolves
  2 laughing skulls (D:13)
  4 centaurs
  4 lemures (D:6)
  2 phantoms
  7 bullfrogs
  2 weeping skulls
  A kobold brigand (D:7)
  5 gnoll sergeants
  2 scorpions
  2 burial acolytes (Ossuary)
  12 wights
  9 killer bees
  2 vampire bats (D:11)
  8 howler monkeys
  2 centaur zombies (Ossuary)
  4 jellies (Lair:5)
  3 gnoll boudas
  15 hounds
  5 orc priests
  2 iguanas
  12 orc wizards
  4 hell rats (Lair:2)
  A hound zombie (Ossuary)
  2 mummies (Ossuary)
  7 adders
  36 gnolls
  3 dart slugs
  3 ribbon worms
  44 orcs
  5 ball pythons
  12 endoplasms
  2 giant cockroaches (D:2)
  5 gnoll zombies (Ossuary)
  5 goblins
  12 hobgoblins
  9 jackals
  4 quokkas
  13 bats
  6 frilled lizards
  10 kobolds
  5 orc zombies (Ossuary)
  5 rats
  A spectral orc (D:9)
  A butterfly (D:4)
546 creatures vanquished.

Vanquished Creatures (others)
  A kobold (D:7)
1 creature vanquished.

Grand Total: 547 creatures vanquished

Notes
Turn   | Place    | Note
-------+----------+-------------------------------------------
     0 | D:1      | autumnrain the Octopode Wanderer began the quest for the
                  | Orb.
     0 | D:1      | autumnrain set off with the following items: a +0 dagger, a
                  | wand of polymorph (3), a potion of attraction, a +0 buckler
                  | of protection; and the following spells available to
                  | memorise: Mercury Vapours, Static Discharge.
     0 | D:1      | Reached XP level 1. HP: 11/11 MP: 2/2
    56 | D:1      | Reached skill level 1 in Fighting
    82 | D:1      | Reached XP level 2. HP: 17/18 MP: 3/3
   240 | D:2      | Found Hopofecy's Weapon Shoppe.
   274 | D:2      | Learned a level 2 spell: Mercury Vapours
   600 | D:2      | Reached skill level 1 in Alchemy
   600 | D:2      | Reached XP level 3. HP: 24/24 MP: 4/4
   801 | D:2      | Found a faded altar of an unknown god.
  1062 | D:2      | Reached XP level 4. HP: 29/29 MP: 6/6
  1981 | D:3      | Reached XP level 5. HP: 34/34 MP: 8/8
  2078 | D:3      | Reached skill level 1 in Long Blades
  2209 | D:3      | Noticed a phantom
  2221 | D:3      | Identified the +0 cloak of Watchfulness {rPois Slay+2}
  2230 | D:3      | Killed a phantom
  2231 | D:3      | Reached skill level 2 in Long Blades
  2231 | D:3      | Reached skill level 1 in Dodging
  2471 | D:4      | Noticed Menkaure
  2483 | D:4      | Reached XP level 6. HP: 36/41 MP: 9/9
  2512 | D:4      | Killed Menkaure
  2513 | D:4      | Reached skill level 3 in Long Blades
  2736 | D:4      | Noticed a black bear
  2744 | D:4      | Killed a black bear
  2745 | D:4      | Reached XP level 7. HP: 32/46 MP: 10/10
  2980 | D:4      | Reached skill level 4 in Long Blades
  3105 | D:4      | Found a snail-covered altar of Cheibriados.
  3105 | D:4      | Found a radiant altar of Vehumet.
  3231 | D:4      | Found a shimmering altar of Xom.
  3697 | D:5      | Entered Level 5 of the Dungeon
  3803 | D:5      | Reached skill level 5 in Long Blades
  3894 | D:5      | Found a sand-covered staircase.
  3911 | Ossuary  | Entered an ossuary
  3931 | Ossuary  | Reached XP level 8. HP: 52/54 MP: 11/11
  4409 | D:5      | Reached skill level 6 in Long Blades
  4512 | D:5      | Found a blossoming altar of Fedhas.
  4526 | D:5      | Noticed an oklob plant
  4927 | D:5      | Found an ornate altar of the Wu Jian Council.
  5387 | D:6      | Reached skill level 5 in Fighting
  5460 | D:6      | Found a bloodstained altar of Trog.
  5526 | D:6      | Found a staircase to the Ecumenical Temple.
  5537 | D:6      | You fall into a shaft and drop 1 floor!
  5557 | D:7      | Reached skill level 7 in Long Blades
  5625 | Temple   | Entered the Ecumenical Temple
  5637 | Temple   | Became a worshipper of Warmaster Okawaru
  5766 | D:6      | Noticed Sigmund
  5782 | D:6      | Reached XP level 9. HP: 55/61 MP: 12/12
  5785 | D:6      | Killed Sigmund
  5786 | D:6      | Reached skill level 5 in Dodging
  5813 | D:6      | Noticed Edmund
  5818 | D:6      | Killed Edmund
  5926 | D:6      | Noticed Pikel
  5933 | D:6      | Pikel changed into Pikel the naga
  5933 | D:6      | Noticed Pikel
  5950 | D:6      | Killed Pikel the naga
  5950 | D:6      | Reached * piety under Okawaru
  5984 | D:6      | Reached skill level 8 in Long Blades
  6012 | D:6      | Found a hazy altar of Hepliaklqana.
  6514 | D:7      | Reached ** piety under Okawaru
  6515 | D:7      | Reached skill level 9 in Long Blades
  6650 | D:7      | Reached skill level 1 in Invocations
  6650 | D:7      | Reached XP level 10. HP: 42/69 MP: 13/13
  7020 | D:7      | Found a glowing silver altar of Zin.
  7671 | D:8      | Found a shimmering blue altar of Sif Muna.
  8294 | D:9      | Found Soul's Antique Armour Emporium.
  8437 | D:9      | Reached *** piety under Okawaru
  8463 | D:9      | Reached skill level 5 in Invocations
  8463 | D:9      | Reached XP level 11. HP: 78/78 MP: 14/14
  8592 | D:9      | Found a basalt altar of Yredelemnul.
  8642 | D:9      | Noticed Maggie
  8675 | D:9      | Killed Maggie
  8676 | D:9      | Reached skill level 10 in Long Blades
  8850 | D:9      | Found a staircase to the Lair.
  9431 | D:10     | Entered Level 10 of the Dungeon
  9684 | D:10     | Reached **** piety under Okawaru
  9770 | D:10     | Found a burning altar of Makhleb.
  9818 | D:10     | Found a staircase to the Orcish Mines.
 10355 | D:11     | Noticed a red ugly thing
 10364 | D:11     | Killed a red ugly thing
 10593 | D:11     | Noticed Maurice
 10603 | D:11     | Killed Maurice
 10997 | D:11     | Reached skill level 11 in Long Blades
 11087 | D:11     | Found a snail-covered altar of Cheibriados.
 11206 | D:11     | Noticed a two-headed ogre
 11301 | D:12     | Identified the ring "Makidel" {rF+ Int+2 Dex+4}
 11377 | D:12     | Noticed a cyclops
 11382 | D:12     | Killed a cyclops
 11383 | D:12     | Reached skill level 10 in Fighting
 11428 | D:12     | Noticed a manticore
 11444 | D:12     | Killed a manticore
 11621 | D:12     | Reached XP level 12. HP: 87/87 MP: 17/17
 11664 | D:12     | Reached ***** piety under Okawaru
 11729 | D:12     | Noticed a two-headed ogre
 11905 | D:12     | Reached skill level 12 in Long Blades
 11912 | D:12     | Killed a two-headed ogre
 11959 | D:12     | Noticed Rupert
 11985 | D:11     | Received a gift from Okawaru
 12045 | D:11     | Killed a two-headed ogre
 12147 | Lair:1   | Entered Level 1 of the Lair of Beasts
 12534 | Lair:1   | Reached skill level 13 in Long Blades
 12731 | Lair:1   | Received a gift from Okawaru
 13031 | Lair:1   | Reached XP level 13. HP: 61/95 MP: 18/18
 13222 | Lair:2   | Found a staircase to the Shoals.
 13257 | Lair:2   | Reached skill level 14 in Long Blades
 13799 | Lair:2   | Found a hole to the Spider Nest.
 13895 | Lair:2   | Reached skill level 1 in Shapeshifting
 14715 | Lair:3   | Received a gift from Okawaru
 14723 | Lair:3   | Reached ****** piety under Okawaru
 14724 | Lair:3   | Acquired the +5 great sword of Okawaru's Benevolence {vamp,
                  | rPois rC+}
 14724 | Lair:3   | Received a gift from Okawaru
 14725 | Lair:3   | Acquired the +0 hat "Atiunizi" {^Drain rN+ Will+ Int+2}
 14725 | Lair:3   | Received a gift from Okawaru
 15482 | Lair:3   | Reached skill level 5 in Shapeshifting
 15686 | Lair:3   | Received a gift from Okawaru
 16711 | Lair:4   | Reached skill level 15 in Long Blades
 17063 | Lair:4   | Reached XP level 14. HP: 82/103 MP: 19/19
 17572 | Lair:5   | Entered Level 5 of the Lair of Beasts
 18191 | Lair:5   | Received a gift from Okawaru
 18470 | Lair:5   | Learned a level 4 spell: Vhi's Electric Charge
 19116 | Lair:5   | Received a gift from Okawaru
 19360 | Lair:5   | Found a burning altar of Makhleb.
 19366 | Lair:5   | Found a gateway to Hell.
 19485 | Lair:5   | Reached skill level 10 in Shapeshifting
 19608 | Lair:5   | Reached skill level 16 in Long Blades
 19634 | Lair:5   | Found a viscous altar of Jiyva.
 19635 | Lair:5   | Found a staircase to the Slime Pits.
 20474 | D:12     | Found a broken altar of Ashenzari.
 20544 | D:12     | Killed Rupert
 20638 | D:13     | Received a gift from Okawaru
 21061 | D:13     | Found a runed translucent gate.
 21062 | D:13     | Found a runed translucent gate.
 21063 | D:13     | Found a runed translucent gate.
 21067 | D:13     | Noticed koorschki's ghost (journeyman DsCj)
 21092 | D:13     | Reached XP level 15. HP: 73/106 MP: 20/20
 21936 | D:14     | Noticed Agnes
 21949 | D:14     | Mangled by Agnes

Illustrated notes

Levels and vault maps discovered:
D:1:      mushboom_english_gardens, layout_basic
D:2:      layout_basic, basic_ecumenical_altar, serial_shops,
          nicolae_diamond_shop
D:3:      layout_rooms, hangedman_decor_diamond_cutter,
          kennysheep_generic_room_12
D:4:      minmay_diamond_boxcup, layout_cave_pods, xom_butterflies,
          grunt_temple_overflow_open, grunt_ministairs_7, uniq_menkaure
D:5:      layout_basic, nzn_wu_jian_contemplation, tgw_fedhas, enter_ossuary_1
D:6:      layout_rooms, worldfamousw_hep_ancestral_shrine, bloody_trog,
          minmay_temple_entry_statues_fountains, sigmund_edmund_badplayer,
          uniq_pikel
D:7:      layout_cave_pools, zin_statuary
D:8:      layout_cave_pools, hellmonk_sif_muna_bookshelves, serial_gnoll_camp,
          gnoll_camp_mini_house, gnoll_camp_mini_loothouse,
          gnoll_camp_medium_02, gnoll_camp_mini_doghouse, gnoll_camp_mini_hut,
          gnoll_camp_mini_basic
D:9:      layout_layer_cave, yredelemnul_forgotten_temple_becter,
          hellmonk_lair_entry_icy, serial_shops, nicolae_shop_crystal,
          minmay_misc_feat_four_crosses, chequers_serial_rivers_micro_d,
          grunt_ministairs_14, uniq_maggie
D:10:     layout_small_grid, makhleb_altar_promises_db, david_orc_2,
          serial_glass, glass_columns_b, glass_columns_c, wad_rectangle_vault
D:11:     layout_stronghold, roderic_batcave, slow_altar_2, uniq_maurice
D:12:     layout_rooms, hangedman_decor_lopped, cheibrodos_ashenzari_chains,
          uniq_rupert
D:13:     layout_roguey, gammafunk_ghost_nasty_kobolds, drop_trap
D:14:     layout_loops_cross, hellmonk_vaults_attempted_burglary,
          nzn_ghost_randoct, chequers_garden, nicolae_the_louvre, uniq_agnes
Temple:   minmay_temple_curvy_loop
Lair:1:   layout_misc_corridors, serial_bayou_shore_b, lemuel_fruit_tree
Lair:2:   hellmonk_destroyed_diamonds, layout_misc_corridors,
          nicolae_spider_entry_tight_spaces, chequers_serial_rivers_micro_a
Lair:3:   beast_lair_carwin_large_2, layout_chaotic_city
Lair:4:   layout_layer_cave
Lair:5:   evil_forest, layout_small_grid, slime_entry_2

Skill      XL: |  1  2  3  4  5  6  7  8  9 10 11 12 13 14 15 |
---------------+----------------------------------------------+-----
Fighting       | 1 2 3 4 5 6 8 10 11 12 13 | 13.1
Alchemy        | 1 2 3 |  3.0
Spellcasting   | 2 |  2.0
Long Blades    | 2 3 5 7 9 11 13 15 16 | 16.0
Dodging        | 1 2 3 4 6 7 8 9 |  9.7
Invocations    | 1 5 6 7 |  7.0
Shapeshifting  | 7 10 | 10.0
Evocations     | 4 |  4.7
Stealth        | |  1.3
Shields        | |  3.0
Air Magic      | |  3.0

Action                     |  1- 3 |  4- 6 |  7- 9 | 10-12 | 13-15 || total
---------------------------+-------+-------+-------+-------+-------++-------
  Melee: Dagger            |    44 |    65 |       |       |       ||   109
         Constrict         |    11 |    19 |    67 |    77 |    66 ||   240
         Tentacles         |    11 |    13 |    83 |    88 |   150 ||   345
         Unarmed           |     1 |       |       |       |       ||     1
         Long sword        |       |    17 |   274 |       |       ||   291
         Great sword       |       |       |    13 |   460 |   514 ||   987
         Rapier            |       |       |       |       |    29 ||    29
         Maw               |       |       |       |       |    63 ||    63
  Throw: Dart              |       |       |     9 |     5 |     8 ||    22
   Cast: Mercury Vapours   |       |       |     4 |       |       ||     4
 Invoke: Heroism           |       |       |     1 |    14 |    15 ||    30
         Receive Weapon    |       |       |       |       |     1 ||     1
         Receive Armour    |       |       |       |       |     1 ||     1
  Evoke: Wand              |       |     4 |    15 |    11 |    21 ||    51
    Use: Scroll            |       |       |     8 |    13 |    15 ||    36
         Potion            |       |       |       |       |     2 ||     2
   Stab: Sleeping          |     5 |    10 |    10 |     4 |     5 ||    34
         Paralysed         |       |     5 |    14 |     4 |       ||    23
         Distracted        |       |       |       |     1 |     1 ||     2
         Petrified         |       |       |       |       |     3 ||     3
 Armour: Skin              |    15 |    44 |   159 |   201 |   214 ||   633
  Dodge: Dodged            |    19 |    32 |   217 |   469 |   424 ||  1161
  Block: Buckler           |     4 |    12 |    57 |       |       ||    73
         Other             |       |       |       |    14 |    95 ||   109
         Reflection        |       |       |       |       |     1 ||     1
   Form: Maw               |       |       |       |       |     1 ||     1

Table legend: (Time is in decaauts)
 A = Elapsed time spent in this place.
 B = Non-inter-level travel time spent in this place.
 C = Inter-level travel time spent in this place.
 D = Time resting spent in this place.
 E = Time spent auto-exploring this place.
 F = Levels seen in this place.
 G = Mean time per level.
                   A        B        C        D        E       F      G
               +--------+--------+--------+--------+--------+-----+--------+
         Total |  21976 |  20810 |   1166 |   3851 |  12842 |  21 | 1046.5 |
       Dungeon |  13805 |  12962 |    843 |   1754 |   8351 |  14 |  986.1 |
        Temple |     23 |      2 |     21 |      0 |      0 |   1 |   23.0 |
          Lair |   7665 |   7363 |    302 |   1990 |   4243 |   5 | 1533.0 |
       Ossuary |    481 |    481 |      0 |    107 |    248 |   1 |  481.0 |
               +--------+--------+--------+--------+--------+-----+--------+

Top non-repeatable levels by time:
  Lair:5: 2137 daAuts
     D:9: 1872 daAuts
  Lair:4: 1845 daAuts
  Lair:2: 1363 daAuts
     D:4: 1256 daAuts
  Lair:3: 1220 daAuts
    D:11: 1165 daAuts
     D:5: 1156 daAuts
     D:2: 1150 daAuts
  Lair:1: 1098 daAuts
    D:10: 1017 daAuts
     D:8: 957 daAuts
    D:13: 883 daAuts
     D:6: 875 daAuts
    D:12: 849 daAuts
